Map: [G8] Babylon

Players

herO

  • Race: Protoss Protoss
  • Spawn Location: 5:00

Serral - Winner!

  • Race: Zerg Zerg
  • Spawn Location: 11:00

Event: Gamers8 2023

VOD

Have the link to the VOD?

Description

Time

  • Played on: Aug. 3, 2023, 2:21 p.m.
  • Length: 9:02

All games in this series

Show
View Real Time Build Order
Export as new Build Order

herO Protoss 

Build Orders: 1 Gate Expand, Oracle Opening 

Get SALT Encoding   

  12  0:00  Probe  
  13  0:12  Probe  
  14  0:17  Pylon  
  14  0:24  Probe (Chrono Boost)  
  15  0:36  Probe (Chrono Boost)  
  16  0:43  Gateway  
  16  0:44  Probe (Chrono Boost)  
  16  0:48  Assimilator  
  17  0:50  Probe  
  18  1:03  Probe  
  19  1:15  Probe  
  20  1:27  Nexus  
  20  1:37  Cybernetics Core  
  20  1:40  Probe  
  20  1:45  Assimilator  
  21  1:52  Probe  
  22  1:55  Pylon  
  22  2:05  Probe  
  23  2:11  Adept (Chrono Boost)  
  25  2:17  Probe  
  25  2:18  Stargate  
  26  2:26  Warp Gate  
  27  2:30  Probe (Chrono Boost)  
  27  2:33  Adept  
  29  2:39  Probe (Chrono Boost)  
  31  2:47  Probe (Chrono Boost)  
  31  2:48  Probe (Chrono Boost)  
  32  2:53  Probe (Chrono Boost)  
  32  2:54  Probe  
  34  2:59  Oracle (Chrono Boost)  
  34  3:04  Adept  
  39  3:06  Probe x2  
  41  3:13  Pylon  
  41  3:20  Gateway  
  41  3:21  Probe x2  
  41  3:27  Oracle (Chrono Boost)  
  46  3:35  Probe x2  
  48  3:48  Nexus  
  48  3:56  Probe  
  48  3:57  Pylon, Probe  
  48  4:02  Twilight Council  
  50  4:06  Forge  
  50  4:09  Assimilator  
  50  4:10  Probe (Chrono Boost)  
  50  4:11  Probe (Chrono Boost)  
  50  4:14  Assimilator  
  52  4:22  Probe (Chrono Boost)  
  52  4:23  Probe (Chrono Boost)  
  52  4:24  Adept  
  56  4:26  Stalker  
  56  4:28  Probe (Chrono Boost)  
  56  4:29  Probe (Chrono Boost)  
  60  4:33  Protoss Ground Weapons Level 1  
  57  4:39  Probe  
  57  4:40  Probe  
  59  4:47  Blink (Chrono Boost)  
  59  4:51  Probe  
  59  4:52  Probe  
  61  4:55  Pylon  
  61  4:59  Adept  
  63  5:00  Adept  
  63  5:03  Probe (Chrono Boost)  
  63  5:04  Probe (Chrono Boost)  
  68  5:08  Probe (Chrono Boost)  
  68  5:09  Gateway x2  
  67  5:20  Adept  
  65  5:22  Adept  
  65  5:23  Probe x2  
  65  5:24  Probe  
  70  5:32  Gateway  
  70  5:36  Probe  
  71  5:43  Stalker x2  
  71  5:47  Pylon  
  60  6:04  Pylon  
  60  6:10  Stalker x4  
  68  6:13  Probe x3  
  67  6:25  Probe x2  
  67  6:26  Probe  
  67  6:27  Gateway  
  67  6:29  Stalker  
  72  6:35  Stalker x4  
  80  6:45  Charge (Chrono Boost)  
  80  6:47  Photon Cannon  
  80  6:52  Gateway  
  80  6:53  Gateway  
  80  6:54  Pylon  
  80  7:00  Stalker x3  
  80  7:01  Stalker x2  
  90  7:04  Pylon  
  90  7:08  Probe x3  
  87  7:25  Stalker  
  87  7:26  Stalker x5  
  92  7:31  Oracle (Chrono Boost)  
  93  7:47  Stalker x2  
  95  7:51  Stalker x2  
  95  7:52  Stalker x4  
  96  8:17  Stalker x6  
  60  8:46  Stalker x8  
Show
View Real Time Build Order
Export as new Build Order

Serral Zerg - Winner!

Build Orders: Hatch First 

Get SALT Encoding   

  12  0:00  Drone  
  13  0:12  Overlord  
  13  0:17  Drone  
  14  0:30  Drone x2  
  16  0:44  Drone  
  17  0:52  Hatchery  
  17  0:55  Drone  
  17  0:59  Drone  
  18  1:09  Extractor  
  17  1:14  Spawning Pool  
  17  1:17  Drone  
  17  1:22  Drone  
  18  1:27  Drone  
  19  1:38  Drone  
  20  1:50  Overlord  
  20  2:01  Queen  
  20  2:03  Queen  
  20  2:04  Zergling x4  
  26  2:10  Metabolic Boost  
  26  2:12  Drone  
  28  2:15  Drone  
  28  2:24  Drone  
  28  2:25  Drone  
  30  2:38  Hatchery  
  30  2:43  Drone  
  30  2:44  Drone  
  31  2:51  Queen  
  33  2:54  Overlord  
  33  2:57  Drone  
  34  3:00  Drone  
  34  3:01  Drone  
  35  3:08  Spore Crawler  
  35  3:10  Spore Crawler  
  35  3:12  Drone x2  
  35  3:14  Queen  
  35  3:17  Drone  
  35  3:18  Drone  
  41  3:20  Drone  
  41  3:22  Drone  
  41  3:26  Overlord  
  43  3:31  Drone  
  44  3:34  Overlord  
  44  3:39  Extractor, Queen  
  44  3:40  Extractor  
  46  3:46  Drone  
  46  3:48  Zergling x6  
  50  3:51  Queen  
  50  3:55  Spore Crawler  
  48  3:58  Drone x2  
  48  4:00  Drone  
  52  4:04  Spore Crawler  
  52  4:06  Drone  
  52  4:07  Drone  
  52  4:09  Drone  
  54  4:12  Zergling x2  
  54  4:13  Drone  
  54  4:14  Drone  
  57  4:19  Drone x2  
  59  4:30  Drone  
  59  4:31  Drone x3  
  65  4:34  Drone x2  
  64  4:41  Roach Warren  
  64  4:42  Drone  
  63  4:46  Drone x5  
  63  4:52  Overlord  
  66  4:53  Overlord  
  66  5:00  Lair  
  66  5:04  Evolution Chamber, Overlord  
  65  5:08  Extractor  
  65  5:11  Drone x6  
  65  5:14  Drone  
  71  5:15  Drone x2  
  71  5:16  Drone  
  73  5:24  Zergling x14  
  73  5:28  Drone  
  81  5:31  Zerg Melee Weapons Level 1  
  81  5:35  Hatchery  
  80  5:38  Drone x2  
  79  5:45  Drone x4  
  79  5:48  Overlord  
  79  5:49  Overlord  
  80  5:56  Drone x2  
  82  5:58  Glial Reconstitution  
  82  6:01  Extractor, Drone  
  82  6:04  Overlord  
  82  6:07  Hatchery  
  82  6:09  Zergling x8  
  85  6:12  Zergling x2  
  85  6:13  Zergling x6  
  85  6:17  Zergling x10  
  92  6:23  Roach x4  
  100  6:29  Overlord  
  100  6:35  Overlord  
  101  6:40  Roach x2  
  101  6:41  Overlord x2  
  101  6:43  Roach  
  101  6:44  Ravager  
  106  6:47  Overlord  
  106  6:48  Roach x2, Zergling x2  
  106  6:49  Zergling x10  
  106  6:52  Queen  
  118  6:57  Ravager  
  118  6:58  Ravager  
  120  7:02  Roach x4  
  128  7:08  Overlord  
  128  7:10  Roach x2  
  129  7:18  Zergling x20  
  129  7:22  Zergling x10  
  132  7:34  Zergling x10  
  134  7:44  Extractor  
  132  7:46  Zergling x24  
  132  7:47  Baneling Nest  
  142  7:52  Overlord  
  142  7:55  Zergling x6  
  144  7:58  Zergling x2  
  144  8:03  Zergling x12  
  146  8:05  Ravager  
  146  8:08  Zergling x10  
  151  8:15  Zergling x12  
  152  8:22  Roach x2, Zergling x4  
  152  8:23  Zergling x2  
  147  8:28  Roach  
  147  8:29  Roach, Zergling x4  
  147  8:31  Roach x4  
  149  8:38  Zergling x8  
  149  8:40  Zergling x12  
Tags
 
Add a new tag
Caveats
  • Supply blocks, unpowered buildings, or Contaminate may cause inaccurate times.
  • Supply counts are checked every 10 seconds.